 Dungeon Crawl Stone Soup version 0.22-a0-417-g1387785 (webtiles) character file.

236 iamserjio the Digger (level 6, -2/41 HPs)
             Began as a Formicid Earth Elementalist on May 14, 2018.
             Slain by Pikel
             ... wielding a +0 whip of freezing
              (10 damage)
             ... on level 3 of the Dungeon.
             The game lasted 00:05:27 (2413 turns).

iamserjio the Digger (Formicid Earth Elementalist)  Turns: 2413, Time: 00:05:27

Health: -2/41      AC:  3    Str: 12    XL:     6   Next: 27%
Magic:  1/12       EV: 12    Int: 17    God:
Gold:   44         SH:  0    Dex: 11    Spells: 7/13 levels left

rFire    . . .     SeeInvis +   q - +0 long sword (holy)
rCold    . . .     Gourm    .   (no shield)
rNeg     . . .     Faith    .   c - +0 robe
rPois    .         Spirit   .   (helmet unavailable)
rElec    .         Reflect  .   (no cloak)
rCorr    .         Harm     .   (no gloves)
MR       .....                  s - +0 pair of boots
Stlth    ++........             (no amulet)
HPRegen  0.13/turn              (no ring)
MPRegen  0.13/turn              (no ring)

@: no status effects
A: permanent stasis, dig shafts and tunnels, four strong arms, antennae 3
a: Dig, Shaft Self


You were on level 3 of the Dungeon.
You were not hungry.

You visited 1 branch of the dungeon, and saw 4 of its levels.

You collected 44 gold pieces.

Inventory:

Hand Weapons
 j - a +0 dagger
 q - a +0 long sword of holy wrath (weapon)
Missiles
 b - 26 stones (quivered)
Armour
 c - a +0 robe (worn)
 s - a +0 pair of boots (worn)
Wands
 m - a wand of flame (23)
Scrolls
 a - a scroll of amnesia {unknown}
 e - a scroll of fog {unknown}
 g - 2 scrolls of enchant armour {unknown}
 h - 2 scrolls of teleportation {unknown}
 k - a scroll of immolation {unknown}
 l - 2 scrolls of identify {unknown}
 r - a scroll of remove curse {unknown}
 t - a scroll of magic mapping {unknown}
Potions
 f - 3 potions of flight {unknown}
 i - 4 potions of heal wounds {unknown}
 o - 2 potions of curing {unknown}
 p - a potion of brilliance {unknown}
Comestibles
 d - 3 rations
 n - a chunk of flesh


   Skills:
 - Level 1.7 Dodging
 - Level 2.4 Stealth
 + Level 4.3 Spellcasting
 - Level 1.1 Transmutations
 + Level 6.5 Earth Magic


You had 7 spell levels left.
You knew the following spells:

 Your Spells              Type           Power        Failure   Level  Hunger
a - Sandblast             Erth           ####..       1%          1    None
b - Stone Arrow           Conj/Erth      ##....       12%         3    ###....
c - Passwall              Tmut/Erth      ###.......   4%          2    ##.....

Your spell library contained the following spells:

 Spells                   Type           Power        Failure   Level  Hunger
 Lee's Rapid Deconstruct  Erth           ####......   30%         5    ######.
 Petrify                  Tmut/Erth      ###.....     32%         4    ####...


Dungeon Overview and Level Annotations

Branches:
Dungeon (4/15)
 Temple: D:4-7

Altars:

Annotations:
D:2 Terence
D:3 Pikel


Innate Abilities, Weirdness & Mutations

You cannot be hasted, slowed, berserked, paralysed or teleported.
You can dig through walls and to a lower floor.
Your four strong arms can wield two-handed weapons with a shield.
You have a pair of large antennae on your head. (SInv)


Message History

Aim: Pikel, wielding a whip of freezing and wearing a glowing robe (moderately wounded)
The blast of sand hits Pikel.
Pikel is moderately wounded.
b - 26 stones Pikel barely misses you.
You hit Pikel but do no damage.
Pikel is moderately wounded.
Pikel barely misses you.
You hit Pikel.
Pikel is heavily wounded.
Pikel misses you.
You riposte.
You hit Pikel but do no damage.
Pikel is heavily wounded.
You closely miss Pikel.
Pikel is heavily wounded.
Pikel hits you with a whip of freezing!
* * * LOW HITPOINT WARNING * * *
Pikel freezes you.
* * * LOW HITPOINT WARNING * * *
Pikel hits you with a whip of freezing!
You die... ############## .......@K)...# #.##########.#

You could see Pikel.

Vanquished Creatures
  An ogre (D:4)
  A scorpion (D:4)
  Jessica (D:2)
  A hound skeleton (D:4)
  An adder (D:4)
  2 adder skeletons (D:4)
  3 dart slugs
  A leopard gecko (D:2)
  2 orcs (D:4)
  5 giant cockroaches
  7 goblins
  2 hobgoblins (D:1)
  2 jackals (D:2)
  3 bats
  4 frilled lizards
  4 kobolds
  7 rats
47 creatures vanquished.

Notes
Turn   | Place    | Note
-------+----------+-------------------------------------------
     0 | D:1      | iamserjio the Formicid Earth Elementalist began the quest for the Orb.
     0 | D:1      | Reached XP level 1. HP: 13/13 MP: 3/3
   184 | D:1      | Reached skill level 4 in Earth Magic
   184 | D:1      | Reached XP level 2. HP: 10/19 MP: 0/5
   756 | D:1      | Reached XP level 3. HP: 15/24 MP: 6/6
  1256 | D:2      | Noticed Jessica
  1266 | D:2      | Killed Jessica
  1266 | D:2      | Reached skill level 5 in Earth Magic
  1266 | D:2      | Reached XP level 4. HP: 21/30 MP: 0/8
  1615 | D:2      | Noticed Terence
  1641 | D:2      | You fall through a shaft for 2 floors!
  1675 | D:4      | Learned a level 3 spell: Stone Arrow
  1678 | D:4      | Learned a level 2 spell: Passwall
  1773 | D:4      | Noticed an ogre
  1778 | D:4      | Killed an ogre
  1778 | D:4      | Reached skill level 6 in Earth Magic
  1778 | D:4      | Reached XP level 5. HP: 35/35 MP: 5/10
  1843 | D:4      | Reached XP level 6. HP: 25/41 MP: 3/12
  2378 | D:4      | Noticed a slave
  2378 | D:4      | Noticed a slave
  2378 | D:4      | Noticed a slave
  2379 | D:4      | Noticed Pikel
  2397 | D:4      | Noticed a slave
  2413 | D:3      | Slain by Pikel

Vault maps used:
D:1:      zelgadis_glass_arrival_large
D:2:      uniq_terence, uniq_jessica
D:3:      hangedman_decor_slide_cut, chequers_big_river
D:4:      first_ration, uniq_pikel, uniq_robin

Skill      XL: |  1  2  3  4  5 |
---------------+----------------+-----
Earth Magic    | 4 5 6 |  6.5
Spellcasting   | 3 4 |  4.3
Dodging        | |  1.7
Stealth        | |  2.4
Transmutations | |  1.1

Action                   |  1- 3 |  4- 6 || total
-------------------------+-------+-------++-------
Melee: Dagger            |    27 |    42 ||    69
       Long sword        |       |    16 ||    16
 Cast: Sandblast         |    23 |    33 ||    56
  Eat: Chunk             |     1 |     4 ||     5
Armor: Robe              |     5 |    26 ||    31
Dodge: Dodged            |    17 |    72 ||    89
       Rpst.: Long sword |       |    10 ||    10

Table legend:
 A = Spawn XP
 B = Non-spawn XP
 C = Spawn XP percentage of total XP
 D = Spawn monster count
 E = Non-spawn monster count
 F = Spawn count percentage of total count
 G = Total turns spent on level
                    A         B        C        D         E        F      G
               +---------+---------+-------+---------+---------+-------+---------
         Total |       0 |     338 |   0.0 |       0 |      47 |   0.0 |  2413
               +---------+---------+-------+---------+---------+-------+---------
           D:1 |       0 |      35 |   0.0 |       0 |      21 |   0.0 |  1256
           D:2 |       0 |      58 |   0.0 |       0 |      14 |   0.0 |   385
           D:4 |       0 |     245 |   0.0 |       0 |      12 |   0.0 |   756
               +---------+---------+-------+---------+---------+-------+---------
